 Dungeon Crawl Stone Soup version 0.23.0 (webtiles) character file.

Game seed: 3990968679210517597

47 syncingy the Skirmisher (level 3, -5/33 HPs)
             Began as a Ghoul Fighter on Feb 13, 2019.
             Slain by a worm (7 damage)
             ... on level 2 of the Dungeon.
             The game lasted 00:03:27 (1001 turns).

syncingy the Skirmisher (Ghoul Fighter)             Turns: 1001, Time: 00:03:27

Health: -5/33      AC:  6    Str: 19    XL:     3   Next: 70%
Magic:  2/2        EV:  7    Int:  3    God:
Gold:   60         SH:  9    Dex:  9    Spells: 2/2 levels left

rFire    . . .     SeeInvis .   a - +0 war axe
rCold    + . .     Gourm    .   c - +1 shield
rNeg     + + +     Faith    .   b - +0 scale mail
rPois    ∞         Spirit   .   (no helmet)
rElec    .         Reflect  .   (no cloak)
rCorr    .         Harm     .   (no gloves)
MR       .....                  (no boots)
Stlth    ..........             (no amulet)
HPRegen  0.00/turn              (no ring)
MPRegen  0.08/turn              (no ring)

@: rotting
A: rotting body, claws 1, carnivore, cold resistance 1, negative energy
resistance 3, inhibited regeneration, torment resistance, unbreathing
a: no special abilities


You were on level 2 of the Dungeon.
You were not hungry.

You visited 1 branch of the dungeon, and saw 2 of its levels.

You collected 60 gold pieces.

Inventory:

Hand Weapons
 a - a +0 war axe (weapon)
Armour
 b - a +0 scale mail (worn)
 c - a +1 shield (worn)
Potions
 d - 2 potions of might
 i - a potion of mutation {unknown}
 l - a potion of degeneration {unknown}
Comestibles
 f - 2 rations


   Skills:
 + Level 3.6 Fighting
 + Level 2.5 Axes
 + Level 3.0 Armour
 + Level 0.3 Dodging
 + Level 0.4 Stealth
 + Level 3.0 Shields


You had 2 spell levels left.
You didn't know any spells.
Your spell library was empty.

Dungeon Overview and Level Annotations

Branches:
Dungeon (2/15)

Altars:
Okawaru


Innate Abilities, Weirdness & Mutations

Your body is rotting away.
You thrive on raw meat.
You are immune to poison.
You have sharp fingernails.
You are carnivorous and can eat meat at any time.
Your flesh is cold resistant. (rC+)
You are immune to negative energy. (rN+++)
You do not regenerate when monsters are visible.
You are immune to unholy pain and torment.
You can survive without breathing.


Message History

The worm closely misses you.
Your shield and scale mail prevent you from hitting the adder.
You slash the worm! You closely miss the adder.
You block the adder's attack. x2
The adder bites you.
* * * LOW HITPOINT WARNING * * *
The adder barely misses you. The worm bites you.
* * * LOW HITPOINT WARNING * * *
Unknown command.
You slash the adder!
You kill the adder!
Your Armour skill increases to level 3!
You slash the adder! You slash the worm! You block the adder's attack.
The adder bites you but does no damage. The adder closely misses you.
You block the worm's attack.
You hit the adder.
The adder is severely wounded.
You hit the worm. You miss the adder. The adder barely misses you.
The adder bites you but does no damage. You block the adder's attack.
The adder bites you but does no damage. The worm bites you!
You die...

##### #.... #########
#.... ........#
######..#. (.......#
.......... ........#
.......)÷.
.....#..####...........♣
......w@S.............♣.
#######S#############..♣
#J# #####... #.##
#....... #####.$######
#.....#. #...........#
#....... #...........#
#....... #...........#
#....... #..$........#
#.......


You could see a worm, an ooze and 2 adders.

Vanquished Creatures
  An adder (D:2)
  An ooze (D:1)
  4 leopard geckos
  7 bats
  A giant cockroach (D:2)
  5 goblins (D:1)
  2 hobgoblins
  A ball python (D:1)
  A frilled lizard (D:1)
  4 kobolds (D:1)
  3 rats (D:1)
30 creatures vanquished.

Vanquished Creatures (others)
  A goblin (D:1)
1 creature vanquished.

Grand Total: 31 creatures vanquished

Notes
Turn   | Place    | Note
-------+----------+-------------------------------------------
     0 | D:1      | syncingy the Ghoul Fighter began the quest for the Orb.
     0 | D:1      | Reached XP level 1. HP: 19/19 MP: 0/0
    48 | D:1      | Reached XP level 2. HP: 16/26 MP: 1/1
   119 | D:1      | HP: 1/26 [leopard gecko (1)]
   716 | D:1      | Reached XP level 3. HP: 31/31 MP: 2/2
   924 | D:2      | Found an iron altar of Okawaru.
  1001 | D:2      | Slain by a worm

Skill      XL: |  1  2  3 |
---------------+----------+-----
Axes           | 2 |  2.5
Shields        | 3 |  3.0
Armour         | 3 |  3.0
Fighting       | |  3.6
Dodging        | |  0.3
Stealth        | |  0.4

Action                   || total
-------------------------++-------
Melee: War axe           ||   108
  Use: Scroll            ||     6
  Eat: Chunk             ||     4
Armor: Scale mail        ||    83
Dodge: Dodged            ||    64
Block: Shield            ||    92
